 Dungeon Crawl Stone Soup version 0.31-a0-640-g39d97e502b (webtiles) character file.

Game seed: 9427306776835455783

2 GordonOverkill the Sneak (level 1, 0/11 HPs)
             Began as a Vine Stalker Delver on Aug 28, 2023.
             Succumbed to a gnoll's poison
             ... on level 6 of the Dungeon.
             The game lasted 00:00:15 (29 turns).

GordonOverkill the Sneak (Vine Stalker Delver)        Turns: 29, Time: 00:00:15

Health: 0/11       AC:  3    Str: 14    XL:     1   Next: 30%
Magic:  0/2        EV: 11    Int: 10    God:
Gold:   0          SH:  0    Dex: 15    Spells: 0/0 levels left

rFire   . . .        a - +0 spear
rCold   . . .        (no shield)
rNeg    . . .        b - +0 leather armour
rPois   .            (no helmet)
rElec   .            (no cloak)
rCorr   .            (no gloves)
SInv    .            (no boots)
Will    .....        (no amulet)
Stlth   +++          (no ring)
HPRegen 0.21/turn    (no ring)
MPRegen 0.08/turn

%: guardian spirit
@: lethally poisoned (0 -> -11)
A: fangs 2, magic shield, antimagic bite, no potion heal 2
a: no special abilities


You were on level 6 of the Dungeon.
You visited 1 branch of the dungeon, and saw 2 of its levels.

Inventory:

Hand Weapons
 a - a +0 spear (weapon)
Armour
 b - a +0 leather armour (worn)
Wands
 g - a wand of digging (3)
Scrolls
 c - a scroll of fog
 d - a scroll of revelation
 e - a scroll of fear
Potions
 f - a potion of haste


   Skills:
 + Level 2.7 Fighting
 + Level 1.8 Polearms
 + Level 1.6 Dodging
 - Level 6.0 Stealth


You couldn't memorise any spells.
You didn't know any spells.
Your spell library was empty.

Dungeon Overview and Level Annotations

Branches:
Dungeon (6/15)
 Temple: D:4-7

Altars:


Innate Abilities, Weirdness & Mutations

You have extremely sharp teeth.
When hurt, damage is shared between your health and your magic reserves.
Your bite disrupts and absorbs the magic of your enemies.
Potions cannot restore your health.


Message History

The orc is severely wounded.
The orc closely misses you.
You barely miss the orc.
The orc is severely wounded.
The orc barely misses you.
You hit the orc.
The orc is almost dead.
The orc hits you with a +0 club.
You are too injured to fight recklessly!
You are too injured to fight recklessly!
You are too injured to fight recklessly!
You barely miss the orc.
The orc is almost dead.
The orc hits you but does no damage.
You barely miss the orc. You bite the orc.
You kill the orc!
Things that are here:
a +0 club; an orc corpse You start resting.
HP restored.
There is a stone staircase leading down here.
You climb downwards.
There is a stone staircase leading up here.
A gnoll comes into view. It is wielding a +2 spear of venom.
A gnoll comes into view. It is wielding a +0 club.
A gnoll sergeant and a gnoll come into view.
Found 10 gold pieces.
The gnoll shouts! x3; You hear a shout!
A gnoll comes into view. It is wielding a +0 whip.
The gnoll shouts!
A gnoll comes into view. It is wielding a +0 whip.
The gnoll hits you from afar with a +2 spear of venom!
Ouch! That really hurt!
* * * LOW HITPOINT WARNING * * *
Found 11 gold pieces and a dagger.
The gnoll attacks as it pursues you!
The gnoll hits you from afar with a +2 spear of venom.
* * * LOW HITPOINT WARNING * * *
You are lethally poisoned!
You die...

## #. #.
#.#####.#
#.#.....#
#.#.###
#$#@.<#
#..####.#
#.g.....#
#g..#####
..g≈.#
#.##.≈.#
# #.§g#
#.≈g#
..$g#


You could see 3 gnolls.

Vanquished Creatures
  An orc (D:5)
1 creature vanquished.

Notes
Turn   | Place    | Note
-------+----------+-------------------------------------------
     0 | D:5      | GordonOverkill the Vine Stalker Delver began the quest for
                  | the Orb.
     0 | D:5      | Reached XP level 1. HP: 11/11 MP: 2/2
     1 | D:6      | Noticed an orc warrior
     1 | D:6      | Noticed an orc wizard
     2 | D:6      | Noticed a black bear
    26 | D:6      | Noticed a gnoll sergeant
    29 | D:6      | Succumbed to a gnoll's poison

Illustrated notes

Levels and vault maps discovered:
D:5:      layout_loops_ring, minmay_shop_enchanted_jewellery
D:6:      layout_basic, mainiacjoe_overflow_boulevard,
          gammafunk_ghost_nasty_kobolds, hangedman_abyss_or_decor_slice,
          uniq_crazy_yiuf_cottage, uniq_maggie

Action                     || total
---------------------------++-------
  Melee: Spear             ||     7
         Bite              ||     1
 Armour: Leather armour    ||     2
  Dodge: Dodged            ||     4

Table legend: (Time is in decaauts)
 A = Elapsed time spent in this place.
 B = Non-inter-level travel time spent in this place.
 C = Inter-level travel time spent in this place.
 D = Time resting spent in this place.
 E = Time spent auto-exploring this place.
 F = Levels seen in this place.
 G = Mean time per level.
                   A        B        C        D        E       F      G
               +--------+--------+--------+--------+--------+-----+--------+
         Total |     29 |     29 |      0 |      6 |      0 |   2 |   14.5 |
       Dungeon |     29 |     29 |      0 |      6 |      0 |   2 |   14.5 |
               +--------+--------+--------+--------+--------+-----+--------+

Top non-repeatable levels by time:
     D:5: 20 daAuts
     D:6: 8 daAuts
